AoeStats
← Shawn96

Arena

510235265Analyzed
3v3 RM · 2d ago on Sep 30, 2026· 59m 33s· 6 players
Game mode
Random Map
Map size
Normal (6 player)
Population
200
Speed
Normal
Resources
Standard
Victory
Conquest
Starting age
Dark Age
Ending age
Imperial Age
RankedLock teamsTeams togetherTeam positionsShared explorationLock speedFull tech treeHidden civsTurbo modeCheats
Victory
Defeat
🇨🇦 Italians · Canada
1342
+10
🇨🇦 Berbers · Canada
1265
+13
🇺🇸 Spanish · United States
1188
+16
🇦🇷 Danes · Argentina
1216
-14
🇦🇷 Malay · Argentina
1192
-13
🇦🇷 Magyars · Argentina
1182
-12
Garkamix
10:05 Feudal Age
13:55 Castle Age
12:12 Loom
14:56 Horse Collar
15:02 Double-Bit Axe
28:06 Imperial Age
26:01 Scale Mail Armor
27:02 Heavy Plow
27:24 Bow Saw
28:53 Capped Ram
32:48 Fletching
34:26 Bodkin Arrow
34:45 Padded Archer Armor
35:21 Bracer
35:35 Elite Skirmisher
36:32 Leather Archer Armor
37:36 Chemistry
36:55 Guard Tower
37:29 Ballistics
37:45 Conscription
38:00 Thumb Ring
41:20 Ring Archer Armor
42:17 Chain Mail Armor
43:46 Pikeman
44:28 Squires
44:15 Arson
44:56 Halberdier
49:39 Plate Mail Armor
51:01 Forging
57:25 Wheelbarrow
56:38 Town Watch
sony
12:06 Feudal Age
16:01 Castle Age
15:14 Double-Bit Axe
16:20 Loom
17:39 Bow Saw
23:53 Husbandry
25:00 Scale Barding Armor
29:15 Redemption
29:57 Wheelbarrow
29:05 Horse Collar
31:41 Forging
31:25 Fletching
33:25 Bodkin Arrow
33:32 Padded Archer Armor
34:06 Crossbowman
34:52 Thumb Ring
35:31 Gold Mining
35:43 Heavy Plow
36:45 Sanctity
40:13 Imperial Age
39:16 Arbalester
40:03 Bracer
41:50 Iron Casting
41:34 Leather Archer Armor
42:05 Arbalester
43:18 Hand Cart
43:37 Crop Rotation
42:49 Elite Skirmisher
44:08 Ring Archer Armor
45:21 Chemistry
45:24 Ballistics
45:53 Treadmill Crane
48:29 Conscription
48:21 Man-at-Arms
49:01 Long Swordsman
49:43 Squires
49:28 Arson
50:29 Iron Casting
50:53 Pikeman
52:37 Light Cavalry
55:05 Blast Furnace
54:35 Siege Engineers
Zandocan77
10:42 Feudal Age
14:24 Castle Age
14:10 Scale Barding Armor
14:42 Double-Bit Axe
15:58 Bloodlines
17:42 Bow Saw
18:13 Horse Collar
19:21 Heavy Plow
20:53 Chain Barding Armor
24:03 Husbandry
24:47 Wheelbarrow
29:50 Imperial Age
29:59 Cavalier
31:19 Plate Barding Armor
33:51 Hand Cart
34:10 Crop Rotation
33:31 Gold Mining
35:21 Paladin
45:58 Loom
47:55 Light Cavalry
49:29 Hussar
54:25 Conscription
Tops 7793
10:56 Feudal Age
14:49 Castle Age
14:46 Double-Bit Axe
14:45 Horse Collar
15:30 Gold Mining
27:13 Wheelbarrow
29:27 Padded Archer Armor
31:27 Leather Archer Armor
32:42 Bloodlines
32:33 Husbandry
35:50 Imperial Age
33:09 Loom
34:09 Hand Cart
35:04 Bow Saw
38:26 Conscription
39:08 Ring Archer Armor
39:11 Devotion
40:39 Chemistry
40:01 Scale Mail Armor
40:11 Forging
40:38 Town Watch
40:17 Elite Conquistador
42:49 Iron Casting
42:19 Scale Barding Armor
42:05 Fletching
42:53 Town Patrol
42:53 Light Cavalry
44:45 Blast Furnace
43:44 Hussar
44:24 Elite Skirmisher
45:10 Thumb Ring
45:25 Bodkin Arrow
49:04 Elite Genitour
50:08 Bracer
50:29 Chain Barding Armor
52:32 Ballistics
Shawn96
11:07 Feudal Age
12:29 Double-Bit Axe
14:53 Castle Age
15:04 Horse Collar
15:30 Gold Mining
15:45 Loom
16:12 Bow Saw
27:57 Stone Mining
28:49 Wheelbarrow
29:55 Fletching
30:51 Town Watch
32:22 Bodkin Arrow
32:39 Padded Archer Armor
34:57 Leather Archer Armor
35:22 Fervor
35:33 Sanctity
36:01 Stone Shaft Mining
40:16 Imperial Age
38:20 Ballistics
40:04 Treadmill Crane
41:05 Bracer
41:54 Ring Archer Armor
43:51 Chemistry
43:43 Block Printing
44:05 Theocracy
43:55 Illumination
44:55 Murder Holes
47:25 Masonry
47:30 Fortified Wall
49:02 Architecture
49:38 Two-Man Saw
48:41 Heavy Plow
49:18 Bloodlines
49:09 Husbandry
48:29 Light Cavalry
49:16 Scale Barding Armor
49:22 Forging
49:52 Conscription
52:42 Iron Casting
53:18 Chain Barding Armor
54:07 Town Patrol
54:24 Hand Cart
55:18 Thumb Ring
58:14 Elite Genoese Crossbowman
I Move Soft
11:27 Feudal Age
12:19 Double-Bit Axe
14:40 Wheelbarrow
16:43 Castle Age
15:27 Gold Mining
16:42 Horse Collar
17:08 Fletching
17:19 Padded Archer Armor
18:38 Bow Saw
21:29 Bodkin Arrow
23:02 Loom
25:02 Town Watch
26:21 Kasbah
27:28 Gold Shaft Mining
29:23 Ballistics
29:30 Leather Archer Armor
30:48 Forging
30:43 Scale Barding Armor
30:55 Masonry
30:55 Fortified Wall
31:42 Hand Cart
33:25 Fortified Wall
32:56 Treadmill Crane
34:11 Iron Casting
33:57 Chain Barding Armor
33:42 Husbandry
33:52 Bloodlines
36:28 Imperial Age
36:11 Heavy Plow
37:01 Heavy Camel Rider
38:05 Conscription
38:00 Elite Camel Archer
38:43 Maghrebi Camels
39:13 Bracer
39:44 Ring Archer Armor
40:27 Chemistry
40:57 Blast Furnace
40:33 Plate Barding Armor
41:17 Siege Engineers
41:18 Stone Mining
42:25 Light Cavalry
44:01 Hussar
46:06 Crop Rotation
47:07 Hoardings
46:48 Murder Holes
49:00 Caravan
52:21 Guilds
Connection lost

Rejoining the realm…

Still unreachable

The connection could not be restored.

Session expired

The server has moved on; the page needs a fresh start.